 Dungeon Crawl Stone Soup version 0.30.0-20-g3615ddf2f0 (webtiles) character file.

Game seed: 11855116147917185309

8130 qw the Cleaver (level 11, -4/71 HPs)
             Began as a Gargoyle Fighter on May 29, 2023.
             Was a High Priest of Okawaru.
             Slain by a gnoll sergeant
             ... wielding a +2 trident of venom
              (11 damage)
             ... on level 9 of the Dungeon.
             The game lasted 00:04:16 (8102 turns).

qw the Cleaver (Gargoyle Fighter)                   Turns: 8102, Time: 00:04:16

Health: -4/71      AC: 23    Str: 31    XL:     11   Next: 26%
Magic:  15/15      EV:  5    Int:  8    God:    Okawaru [*****.]
Gold:   666        SH:  0    Dex: 15    Spells: 10/10 levels left

rFire   . . .        Y - +1 war axe (heavy)
rCold   . . .        c - +0 buckler
rNeg    + . .        l - +0 plate armour
rPois   inf          m - +0 helmet
rElec   +            (no cloak)
rCorr   .            (no gloves)
SInv    .            t - +0 pair of boots
Will    .....        s - amulet of faith Stlth
                     a - +6 ring of dexterity
HPRegen 0.31/turn    b - +6 ring of strength
MPRegen 0.14/turn

%: faith
@: silenced, held
A: sickness immunity, AC +8, negative energy resistance 1, electricity
resistance, torment resistance 1, petrification resistance
a: Renounce Religion


You were on level 9 of the Dungeon.
You worshipped Okawaru.
Okawaru was extremely pleased with you.
You visited 2 branches of the dungeon, and saw 10 of its levels.
You also visited: Sewer.

You collected 666 gold pieces.


Innate Abilities, Weirdness & Mutations

You are immune to sickness and miasma.
Your stone body is resilient. (AC +8)
You are immune to poison.
You resist negative energy. (rN+)
You are resistant to electric shocks. (rElec)
You are resistant to unholy torment.
You are immune to petrification.


   Skills:
 - Level 9.0 Fighting
 - Level 11.0 Axes
 - Level 1.6 Throwing
 + Level 7.1 Armour
 - Level 3.1 Dodging
 - Level 5.0 Shields
 + Level 6.0 Invocations


You had 10 spell levels left.
You didn't know any spells.
Your spell library was empty.

Inventory:

Hand Weapons
 i - a +0 morningstar
 Y - a +1 heavy war axe (weapon)
Missiles
 q - 4 boomerangs (quivered)
Armour
 c - a +0 buckler (worn)
 l - a +0 plate armour (worn)
 m - a +0 helmet (worn)
 t - a +0 pair of boots (worn)
Jewellery
 a - a +6 ring of dexterity (left hand)
 b - a +6 ring of strength (right hand)
 e - an amulet of regeneration
 s - an amulet of faith (around neck)
 u - a ring of ice
Scrolls
 k - 3 scrolls of identify
 r - a scroll of acquirement {unknown}
 v - a scroll of teleportation
 w - a scroll of blinking {unknown}
Potions
 d - a potion of might
 f - a potion of attraction
 g - a potion of mutation
 h - 6 potions of lignification
 j - 3 potions of curing
 n - a potion of haste
 p - a potion of resistance

Dungeon Overview and Level Annotations

Branches:
Dungeon (9/15)             Temple (1/1) D:4           Sewer (visited)
   Lair: D:8-11         Orc: D:9-12

Altars:
Ashenzari
Cheibriados
Dithmenos
Elyvilon
Fedhas
Gozag
Kikubaaqudgha
Makhleb
Nemelex Xobeh
Okawaru
Qazlal
Ru
Sif Muna
Uskayaw
Vehumet
Wu Jian
Xom
Yredelemnul
Zin
The Shining One

Shops:
D:2 *   D:7 (

Annotations:
D:6 2 runed translucent doors, qw's ghost, novice GrFi
D:9 3 runed translucent doors, Tixazyof's ghost, novice GnAr


Message History

The gnoll barely misses you. The gnoll sergeant barely misses you.
The gnoll hits you with a +0 flail!
The gnoll sergeant hits you with a +2 trident of venom.
The gnoll barely misses you.
The gnoll sergeant hits you but does no damage.
The gnoll barely misses you.
The gnoll sergeant hits you with a +2 trident of venom!
The gnoll barely misses you.
The gnoll sergeant hits you but does no damage.
The gnoll hits you but does no damage.
The gnoll sergeant hits you with a +2 trident of venom.
The gnoll hits you but does no damage.
The gnoll sergeant hits you with a +2 trident of venom!
The gnoll hits you but does no damage.
The gnoll sergeant hits you but does no damage.
The gnoll barely misses you.
The gnoll sergeant hits you but does no damage.
Enter note:
Enter note:
Enter note:
Enter note:
Enter note:
Enter note: You struggle against the net.
The gnoll barely misses you.
The gnoll sergeant hits you but does no damage.
The gnoll hits you but does no damage. The gnoll sergeant barely misses you.
The gnoll hits you but does no damage.
The gnoll sergeant hits you with a +2 trident of venom!
The gnoll hits you but does no damage.
The gnoll sergeant hits you but does no damage.
The gnoll barely misses you.
The gnoll sergeant hits you but does no damage.
The gnoll hits you with a +0 flail.
The gnoll sergeant hits you with a +2 trident of venom.
The gnoll hits you but does no damage.
The gnoll sergeant hits you but does no damage.
The gnoll barely misses you.
The gnoll sergeant hits you with a +2 trident of venom!
You die...

...........
#.....#..#.#
###.#######
#..#+###+#..#.#
#.#
#.g#.....#..#.#
#.#
+..+.._..'..+.#
#.#
#gg#.....#..#.#
#.#
#..#+###'#..#.#
###'####### ##
..#.....#..#.#
#.........#
#.'##g##+##'##+
#.........#
#g@)..#.....#
#.........#
#....%#.....#
#.........#
###+##'##'###
).........+
#.......#
#.........#
#......##
#.........#
+......#
#..>......#
#......#
#.........#
#......#
#.........#
#......#


You could see a gnoll sergeant and a gnoll.

Vanquished Creatures
  A centaur warrior (D:8)
  Pikel (D:9)
  A manticore (D:8)
  A hornet (D:9)
  A troll (D:9)
  Grinder (D:5)
  12 yaks
  3 wyverns
  2 steam dragons
  An acid dragon (D:9)
  5 water moccasins
  2 orc warriors (D:8)
  2 ice beasts (D:7)
  2 ogres (D:5)
  A sky beast (D:7)
  2 black bears (D:6)
  A centaur (D:6)
  2 kobold brigands
  4 lemures (D:9)
  3 bullfrogs
  A gnoll sergeant (D:8)
  4 scorpions (D:5)
  4 wights (D:8)
  4 killer bees (D:9)
  An electric eel (D:7)
  2 howler monkeys (D:9)
  A jelly (D:6)
  8 orc priests
  3 hounds
  A gnoll bouda (D:9)
  2 iguanas
  Jessica (D:2)
  2 sleepcaps
  10 orc wizards
  Robin (D:3)
  5 adders
  12 gnolls
  A river rat (D:5)
  A shadow imp (D:7)
  3 ufetubi
  An adder zombie (D:3)
  A worm (D:2)
  3 dart slugs
  26 orcs
  11 bats
  5 endoplasms
  5 giant cockroaches
  16 goblins
  11 hobgoblins
  3 jackals
  3 quokkas
  10 ball pythons
  6 frilled lizards
  2 giant cockroach zombies (D:3)
  15 kobolds
  6 rats
239 creatures vanquished.

Vanquished Creatures (others)
  2 orc wizards
  An adder (D:3)
3 creatures vanquished.

Grand Total: 242 creatures vanquished

Notes
Turn   | Place    | Note
-------+----------+-------------------------------------------
     0 | D:1      | qw the Gargoyle Fighter began the quest for the Orb.
     0 | D:1      | Reached XP level 1. HP: 14/14 MP: 1/1
     0 | D:1      | 0 ||| qw: Version: 0.2-a-102-g2b76a06
     0 | D:1      | 0 ||| qw: Game counter: 433
     0 | D:1      | 0 ||| qw: Always use a shield: true
     0 | D:1      | 0 ||| qw: God list: Okawaru
     0 | D:1      | 0 ||| qw: Allow faded altars: false
     0 | D:1      | 0 ||| qw: Do Orc after D:15 true
     0 | D:1      | 0 ||| qw: Do second Lair branch before Depths: true
     0 | D:1      | 0 ||| qw: Lair rune preference: random
     0 | D:1      | 0 ||| qw: Plans: Normal, Zot:1-4, Slime:5, God:TSO, Crypt,
                  | Tomb, Pan, Hells, Abyss, Win
     0 | D:1      | 0 ||| PLANNING D:1-11
    23 | D:1      | Reached skill level 2 in Axes
    38 | D:1      | 38 ||| Stepping ~*~*~tactically~*~*~ (stealth).
    78 | D:1      | Reached XP level 2. HP: 18/19 MP: 2/2
   172 | D:1      | 172 ||| Stepping ~*~*~tactically~*~*~ (hiding).
   320 | D:1      | 320 ||| DROPPING +0 club.
   474 | D:1      | 474 ||| Stepping ~*~*~tactically~*~*~ (hiding).
   478 | D:1      | 478 ||| Stepping ~*~*~tactically~*~*~ (hiding).
   677 | D:1      | 677 ||| Stepping ~*~*~tactically~*~*~ (hiding).
   681 | D:1      | Reached skill level 3 in Axes
   685 | D:1      | Reached XP level 3. HP: 19/23 MP: 3/3
  1084 | D:1      | 1084 ||| DROPPING orb of guile.
  1085 | D:1      | 1085 ||| READING 2 scrolls labelled XAOGOE GAPSORI.
  1103 | D:1      | 1103 ||| READING scroll labelled ESEOXK MIMOM.
  1104 | D:1      | 1104 ||| READING scroll labelled GIOFOC LAHEAG.
  1105 | D:1      | 1105 ||| DROPPING scroll of torment.
  1135 | D:2      | Found Heosoysm's General Store.
  1314 | D:2      | 1314 ||| Stepping ~*~*~tactically~*~*~ (stealth).
  1317 | D:2      | 1317 ||| Stepping ~*~*~tactically~*~*~ (stealth).
  1328 | D:2      | 1328 ||| Stepping ~*~*~tactically~*~*~ (stealth).
  1329 | D:2      | 1329 ||| Stepping ~*~*~tactically~*~*~ (stealth).
  1800 | D:2      | Noticed Jessica
  1801 | D:2      | Killed Jessica
  1802 | D:2      | Reached skill level 4 in Axes
  1802 | D:2      | Reached XP level 4. HP: 28/28 MP: 4/4
  1835 | D:2      | 1835 ||| UPGRADING to +0 plate armour.
  1845 | D:2      | 1845 ||| DROPPING +0 scale mail.
  1846 | D:2      | 1846 ||| UPGRADING to amulet of regeneration.
  1851 | D:2      | 1851 ||| UPGRADING to +6 ring of dexterity.
  1852 | D:2      | 1852 ||| READING scroll labelled KOABRO RIAKA.
  1853 | D:2      | 1853 ||| READING scroll labelled WYBEAR BUCO.
  1854 | D:2      | 1854 ||| READING scroll labelled ZASIUD QIHUKAD.
  1855 | D:2      | 1855 ||| DRINKING 2 emerald potions.
  1937 | D:3      | 1937 ||| FLEEEEING.
  1938 | D:3      | 1938 ||| FLEEEEING.
  1940 | D:3      | Reached skill level 1 in Dodging
  1945 | D:3      | Found a basalt altar of Yredelemnul.
  1946 | D:3      | 1946 ||| DROPPING +0 mace.
  1968 | D:3      | Reached XP level 5. HP: 32/32 MP: 5/5
  2133 | D:3      | 2133 ||| Stepping ~*~*~tactically~*~*~ (stealth).
  2135 | D:3      | 2135 ||| Stepping ~*~*~tactically~*~*~ (stealth).
  2158 | D:3      | 2158 ||| Stepping ~*~*~tactically~*~*~ (stealth).
  2160 | D:3      | 2160 ||| Stepping ~*~*~tactically~*~*~ (stealth).
  2163 | D:3      | Found a shimmering altar of Xom.
  2217 | D:3      | Noticed Robin
  2235 | D:3      | Killed Robin
  2574 | D:3      | 2574 ||| DROPPING +2 heavy hand axe.
  2818 | D:3      | 2818 ||| UPGRADING to +0 helmet.
  2823 | D:3      | 2823 ||| READING scroll labelled DODATIX RERCH.
  2824 | D:3      | 2824 ||| READING 3 scrolls of identify.
  2824 | D:3      | 2824 ||| IDENTIFYING clear potion
  2825 | D:3      | 2825 ||| READING 2 scrolls of identify.
  2825 | D:3      | 2825 ||| IDENTIFYING sedimented green potion
  2826 | D:3      | 2826 ||| DROPPING potion of flight.
  2885 | D:4      | Reached skill level 5 in Axes
  2886 | D:4      | Reached XP level 6. HP: 13/37 MP: 6/6
  2898 | D:4      | HP: 6/37 [orc/+0 flail (8)]
  2899 | D:4      | 2899 ||| DRINKING potion of heal wounds.
  2918 | D:4      | Found a staircase to the Ecumenical Temple.
  2919 | D:4      | 2919 ||| PLANNING TEMPLE
  2926 | Temple   | Entered the Ecumenical Temple
  2927 | Temple   | 2927 ||| PLANNING OKAWARU WORSHIP
  3052 | Temple   | Became a worshipper of Warmaster Okawaru
  3052 | Temple   | 3052 ||| PLANNING D:1-11
  3240 | D:4      | 3240 ||| Stepping ~*~*~tactically~*~*~ (stealth).
  3402 | D:4      | Found a snail-covered altar of Cheibriados.
  3676 | D:4      | 3676 ||| READING scroll labelled WAEXEO YBEIN.
  3677 | D:4      | 3677 ||| READING scroll labelled AFUGRIRI ACROO.
  3707 | D:5      | Entered Level 5 of the Dungeon
  3707 | D:5      | Noticed Grinder
  3708 | D:5      | 3708 ||| PLANNING SEWER
  3712 | D:5      | Killed Grinder
  3712 | D:5      | Reached * piety under Okawaru
  3713 | D:5      | Reached skill level 6 in Axes
  3713 | D:5      | Reached XP level 7. HP: 40/43 MP: 7/7
  3713 | D:5      | 3713 ||| INVOKING Heroism.
  3717 | D:5      | Reached skill level 7 in Axes
  3718 | D:5      | Reached skill level 1 in Invocations
  3758 | D:5      | 3758 ||| DROPPING +0 flail.
  3918 | D:5      | Reached XP level 8. HP: 48/48 MP: 7/9
  4002 | D:5      | 4002 ||| INVOKING Heroism.
  4109 | D:5      | 4109 ||| FLEEEEING.
  4110 | D:5      | 4110 ||| FLEEEEING.
  4111 | D:5      | 4111 ||| Stepping ~*~*~tactically~*~*~ (hiding).
  4113 | D:5      | 4113 ||| Stepping ~*~*~tactically~*~*~ (hiding).
  4116 | D:5      | 4116 ||| Stepping ~*~*~tactically~*~*~ (hiding).
  4123 | D:5      | 4123 ||| INVOKING Heroism.
  4237 | D:5      | Reached skill level 3 in Invocations
  4267 | D:5      | Found a glowing drain.
  4268 | D:5      | 4268 ||| UPGRADING to amulet of faith.
  4278 | D:5      | 4278 ||| READING scroll labelled OLUMNIOSIM.
  4279 | D:5      | 4279 ||| READING 2 scrolls labelled UPNAXTO BATOST.
  4282 | D:5      | 4282 ||| DRINKING 2 sedimented white potions.
  4283 | D:5      | 4283 ||| DRINKING 2 green potions.
  4284 | D:5      | 4284 ||| READING 2 scrolls of identify.
  4284 | D:5      | 4284 ||| IDENTIFYING orange potion
  4323 | Sewer    | Entered a sewer
  4353 | Sewer    | Reached skill level 1 in Throwing
  4394 | D:5      | 4394 ||| PLANNING D:1-11
  4503 | D:6      | 4503 ||| Stepping ~*~*~tactically~*~*~ (hiding).
  4606 | D:6      | 4606 ||| Stepping ~*~*~tactically~*~*~ (cloud).
  4609 | D:6      | 4609 ||| INVOKING Heroism.
  4614 | D:6      | 4614 ||| FLEEEEING.
  4615 | D:6      | 4615 ||| FLEEEEING.
  4616 | D:6      | 4616 ||| FLEEEEING.
  4617 | D:6      | 4617 ||| FLEEEEING.
  4619 | D:6      | 4619 ||| FLEEEEING.
  4620 | D:6      | 4620 ||| FLEEEEING.
  4621 | D:6      | 4621 ||| FLEEEEING.
  4622 | D:6      | 4622 ||| FLEEEEING.
  4623 | D:6      | 4623 ||| FLEEEEING.
  4624 | D:6      | 4624 ||| FLEEEEING.
  4625 | D:6      | 4625 ||| STAIRDANCE
  4732 | D:5      | 4732 ||| UPGRADING to +6 ring of strength.
  4733 | D:5      | 4733 ||| DRINKING 4 bubbling silvery potions.
  4736 | D:6      | 4736 ||| INVOKING Heroism.
  4740 | D:6      | Reached skill level 8 in Axes
  4814 | D:6      | 4814 ||| INVOKING Heroism.
  4871 | D:6      | Found a large runed translucent door.
  4871 | D:6      | Found a large runed translucent door.
  4876 | D:6      | Noticed qw's ghost (novice GrFi)
  4883 | D:6      | 4883 ||| Stepping ~*~*~tactically~*~*~ (hiding).
  4892 | D:6      | 4892 ||| Stepping randomly (disturbance).
  4896 | D:6      | 4896 ||| FLEEEEING.
  4897 | D:6      | 4897 ||| FLEEEEING.
  4900 | D:6      | 4900 ||| FLEEEEING.
  4901 | D:6      | 4901 ||| FLEEEEING.
  4902 | D:6      | 4902 ||| FLEEEEING.
  4903 | D:6      | 4903 ||| FLEEEEING.
  4904 | D:6      | 4904 ||| FLEEEEING.
  4905 | D:6      | 4905 ||| FLEEEEING.
  4906 | D:6      | 4906 ||| FLEEEEING.
  4908 | D:6      | 4908 ||| FLEEEEING.
  4911 | D:6      | 4911 ||| FLEEEEING.
  4915 | D:6      | 4915 ||| FLEEEEING.
  4916 | D:6      | 4916 ||| FLEEEEING.
  4917 | D:6      | 4917 ||| FLEEEEING.
  4918 | D:6      | 4918 ||| FLEEEEING.
  4996 | D:6      | 4996 ||| Invisibility monster not found???
  5039 | D:6      | Reached skill level 6 in Fighting
  5039 | D:6      | Reached XP level 9. HP: 46/55 MP: 12/12
  5045 | D:6      | 5045 ||| FLEEEEING.
  5046 | D:6      | 5046 ||| FLEEEEING.
  5047 | D:6      | 5047 ||| FLEEEEING.
  5048 | D:6      | 5048 ||| FLEEEEING.
  5049 | D:6      | 5049 ||| FLEEEEING.
  5072 | D:6      | 5072 ||| Stepping ~*~*~tactically~*~*~ (stealth).
  5074 | D:6      | 5074 ||| Stepping ~*~*~tactically~*~*~ (hiding).
  5076 | D:6      | 5076 ||| INVOKING Heroism.
  5228 | D:6      | 5228 ||| INVOKING Heroism.
  5383 | D:6      | 5383 ||| READING 4 scrolls of identify.
  5383 | D:6      | 5383 ||| IDENTIFYING grey potion
  5384 | D:6      | 5384 ||| READING 3 scrolls of identify.
  5384 | D:6      | 5384 ||| IDENTIFYING sedimented inky potion
  5385 | D:6      | 5385 ||| DROPPING potion of invisibility.
  5438 | D:7      | 5438 ||| Stepping ~*~*~tactically~*~*~ (hiding).
  5521 | D:7      | Reached skill level 9 in Axes
  5568 | D:7      | Found Siamul's Antique Weapon Emporium.
  5589 | D:7      | Reached ** piety under Okawaru
  5698 | D:7      | 5698 ||| Stepping ~*~*~tactically~*~*~ (stealth).
  5706 | D:7      | 5706 ||| Stepping ~*~*~tactically~*~*~ (stealth).
  5719 | D:7      | 5719 ||| INVOKING Heroism.
  6188 | D:8      | 6188 ||| Stepping ~*~*~tactically~*~*~ (stealth).
  6190 | D:8      | 6190 ||| Stepping ~*~*~tactically~*~*~ (hiding).
  6192 | D:8      | 6192 ||| Stepping ~*~*~tactically~*~*~ (hiding).
  6194 | D:8      | 6194 ||| INVOKING Heroism.
  6321 | D:8      | 6321 ||| INVOKING Heroism.
  6337 | D:8      | Reached XP level 10. HP: 58/63 MP: 13/13
  6371 | D:8      | 6371 ||| Stepping ~*~*~tactically~*~*~ (hiding).
  6380 | D:8      | Reached skill level 10 in Axes
  6411 | D:8      | 6411 ||| INVOKING Heroism.
  6503 | D:8      | 6503 ||| Stepping ~*~*~tactically~*~*~ (stealth).
  6510 | D:8      | Reached skill level 6 in Armour
  6612 | D:8      | 6612 ||| INVOKING Heroism.
  6614 | D:8      | 6614 ||| Stepping ~*~*~tactically~*~*~ (hiding).
  6618 | D:8      | 6618 ||| DRINKING 5 potions of curing.
  6618 | D:8      | 6618 ||| (to cure confusion)
  6621 | D:8      | 6621 ||| DRINKING 4 potions of curing.
  6621 | D:8      | 6621 ||| (to cure confusion)
  6627 | D:8      | 6627 ||| Stepping ~*~*~tactically~*~*~ (stealth).
  6776 | D:8      | 6776 ||| Stepping ~*~*~tactically~*~*~ (hiding).
  6783 | D:8      | Reached *** piety under Okawaru
  6803 | D:8      | 6803 ||| Stepping ~*~*~tactically~*~*~ (stealth).
  6806 | D:8      | 6806 ||| Stepping ~*~*~tactically~*~*~ (hiding).
  6809 | D:8      | 6809 ||| Stepping ~*~*~tactically~*~*~ (hiding).
  6810 | D:8      | 6810 ||| Stepping ~*~*~tactically~*~*~ (hiding).
  6820 | D:8      | 6820 ||| Stepping ~*~*~tactically~*~*~ (stealth).
  6826 | D:8      | 6826 ||| Stepping ~*~*~tactically~*~*~ (stealth).
  6872 | D:8      | Noticed a centaur warrior
  6873 | D:8      | 6873 ||| INVOKING Heroism.
  6878 | D:8      | Killed a centaur warrior
  6880 | D:8      | HP: 16/64 [steam dragon/ball of steam (19)]
  6881 | D:8      | 6881 ||| READING scroll of teleportation.
  6881 | D:8      | HP: 6/64 [steam dragon] (10)]
  6882 | D:8      | 6882 ||| DRINKING potion of heal wounds.
  7000 | D:8      | Noticed a manticore
  7001 | D:8      | 7001 ||| INVOKING Heroism.
  7008 | D:8      | Killed a manticore
  7079 | D:8      | Found a glowing golden altar of the Shining One.
  7276 | D:8      | 7276 ||| Stepping ~*~*~tactically~*~*~ (stealth).
  7286 | D:8      | Reached skill level 11 in Axes
  7381 | D:8      | 7381 ||| INVOKING Heroism.
  7420 | D:8      | 7420 ||| UPGRADING to +0 pair of boots.
  7425 | D:8      | 7425 ||| READING 4 scrolls of identify.
  7425 | D:8      | 7425 ||| IDENTIFYING bubbling coppery potion
  7426 | D:8      | 7426 ||| DROPPING potion of brilliance.
  7464 | D:9      | 7464 ||| INVOKING Heroism.
  7466 | D:9      | Reached **** piety under Okawaru
  7603 | D:9      | 7603 ||| INVOKING Heroism.
  7703 | D:9      | Found a runed translucent gate.
  7704 | D:9      | Found a runed translucent gate.
  7704 | D:9      | Found a runed translucent gate.
  7705 | D:9      | Noticed a spectral centaur warrior
  7705 | D:9      | Noticed a spectral centaur warrior
  7705 | D:9      | Noticed Tixazyof's ghost (novice GnAr)
  7705 | D:9      | Noticed a spectral centaur warrior
  7721 | D:9      | Reached XP level 11. HP: 69/69 MP: 14/14
  7728 | D:9      | Reached skill level 9 in Fighting
  7770 | D:9      | 7770 ||| Stepping ~*~*~tactically~*~*~ (stealth).
  7778 | D:9      | 7778 ||| INVOKING Heroism.
  7845 | D:9      | Noticed Pikel
  7846 | D:9      | 7846 ||| Stepping ~*~*~tactically~*~*~ (stealth).
  7847 | D:9      | 7847 ||| Stepping ~*~*~tactically~*~*~ (stealth).
  7848 | D:9      | 7848 ||| Stepping ~*~*~tactically~*~*~ (stealth).
  7870 | D:9      | Killed Pikel
  7871 | D:9      | Reached skill level 3 in Dodging
  7883 | D:9      | Found a shadowy altar of Dithmenos.
  8020 | D:9      | Reached skill level 6 in Invocations
  8040 | D:9      | Found a sacrificial altar of Ru.
  8055 | D:9      | 8055 ||| Stepping ~*~*~tactically~*~*~ (stealth).
  8057 | D:9      | Reached ***** piety under Okawaru
  8063 | D:9      | 8063 ||| Stepping ~*~*~tactically~*~*~ (hiding).
  8067 | D:9      | 8067 ||| Stepping ~*~*~tactically~*~*~ (hiding).
  8084 | D:9      | 8084 ||| READING scroll labelled OMNUIRAPSA.
  8097 | D:9      | HP: 14/71 [gnoll sergeant/+2 trident of venom (7)]
  8102 | D:9      | Slain by a gnoll sergeant

Levels and vault maps discovered:
D:1:      roderic_dead_forest, layout_loops_ring
D:2:      layout_loops_ring, serial_shops, nicolae_shop_hallway_stairs,
          uniq_jessica
D:3:      layout_basic, nicolae_yredelemnul_corpse_copse, xom_confusion_cloud,
          nicolae_concentric_dashed_squares_wild, uniq_robin
D:4:      layout_basic, mainiacjoe_overflow_boulevard, temple_green
D:5:      layout_basic, portal_sewer_entry_b, uniq_grinder
D:6:      layout_basic, ebering_ghost_disaster_area,
          hangedman_abyss_or_decor_stagger, eino_small_chamber_without_monster
D:7:      layout_rooms, serial_shops, shop_coins, minivault_4,
          minmay_misc_feat_tower
D:8:      layout_basic, lemuel_tele_altar, minivault_22,
          nicolae_zen_rock_garden, minmay_three_doors
D:9:      layout_roguey, lemuel_coloured_pillars_altar,
          mainiacjoe_overflow_24_doors, gammafunk_ghost_necromancy,
          chequers_serial_rivers_micro_d, uniq_pikel
Temple:   nicolae_temple_two_arcs

Skill      XL: |  1  2  3  4  5  6  7  8  9 10 11 |
---------------+----------------------------------+-----
Axes           | 2 3 4 5 6 7 8 9 11 | 11.0
Dodging        | 1 2 3 |  3.1
Fighting       | 4 6 7 8 9 |  9.0
Armour         | 4 5 7 |  7.1
Invocations    | 1 4 6 |  6.0
Throwing       | 1 |  1.6
Shields        | 4 5 |  5.0

Action                     |  1- 3 |  4- 6 |  7- 9 | 10-12 || total
---------------------------+-------+-------+-------+-------++-------
  Melee: War axe           |   148 |   149 |   120 |   132 ||   549
  Throw: Boomerang         |       |       |    61 |    36 ||    97
 Invoke: Heroism           |       |       |    11 |     8 ||    19
    Use: Scroll            |     3 |     8 |     5 |     3 ||    19
         Potion            |       |     2 |     3 |     3 ||     8
   Stab: Confused          |       |     1 |       |       ||     1
 Armour: Scale mail        |    72 |       |       |       ||    72
         Plate armour      |       |   147 |   101 |   114 ||   362
  Dodge: Dodged            |    50 |    47 |    49 |    70 ||   216
  Block: Buckler           |    35 |    47 |    31 |    48 ||   161

Table legend:
 A = Non-vault XP
 B = Vault XP
 C = Vault XP percentage of total XP
 D = Non-vault monster count
 E = Vault monster count
 F = Vault count percentage of total count
                 A         B        C        D         E       F
            +---------+---------+-------+---------+---------+-------
      Total |    8847 |    2768 |  23.8 |     192 |      44 |  18.6
            +---------+---------+-------+---------+---------+-------
        D:1 |      38 |       0 |   0.0 |      21 |       0 |   0.0
        D:2 |      33 |      37 |  52.9 |      18 |       1 |   5.3
        D:3 |      72 |      76 |  51.4 |      13 |      28 |  68.3
        D:4 |     292 |       0 |   0.0 |      25 |       0 |   0.0
        D:5 |     673 |     300 |  30.8 |      12 |       6 |  33.3
        D:6 |    1139 |       0 |   0.0 |      24 |       0 |   0.0
        D:7 |     827 |       0 |   0.0 |       8 |       0 |   0.0
        D:8 |    3053 |    1563 |  33.9 |      46 |       3 |   6.1
        D:9 |    2720 |     641 |  19.1 |      25 |       1 |   3.8
      Sewer |       0 |     151 | 100.0 |       0 |       5 | 100.0
            +---------+---------+-------+---------+---------+-------
